Map: Eternal Empire LE

Players

LiquidMaNa (MaNa)

  • Race: Protoss Protoss
  • League: Master
  • Spawn Location: 7:00

INnoVation - Winner!

  • Race: Terran Terran
  • Spawn Location: 1:00

Event: Shopify TSL 5

VOD

Have the link to the VOD?

Description

Time

  • Played on: May 30, 2020, 8:29 a.m.
  • Length: 10:01

All games in this series

Show
View Real Time Build Order
Export as new Build Order

LiquidMaNa Protoss 

Build Orders: 1 Gate Expand, Oracle Opening 

Get SALT Encoding   

  12  0:00  Probe  
  13  0:12  Probe  
  14  0:17  Pylon  
  14  0:25  Probe (Chrono Boost)  
  15  0:37  Probe (Chrono Boost), Gateway  
  16  0:44  Probe (Chrono Boost)  
  16  0:46  Assimilator  
  17  0:51  Probe  
  18  1:03  Probe (Chrono Boost)  
  19  1:04  Assimilator  
  19  1:13  Probe (Chrono Boost)  
  19  1:17  Probe (Chrono Boost)  
  20  1:24  Cybernetics Core  
  21  1:29  Probe  
  22  1:42  Nexus  
  22  1:49  Pylon  
  22  1:51  Probe  
  23  2:02  Warp Gate  
  23  2:04  Stalker (Chrono Boost)  
  23  2:07  Probe  
  26  2:18  Stargate  
  26  2:19  Probe  
  27  2:28  Pylon  
  27  2:31  Probe  
  30  2:37  Sentry  
  30  2:43  Probe  
  31  2:54  Probe, Pylon  
  31  2:55  Probe  
  33  3:02  Oracle (Chrono Boost)  
  36  3:06  Probe  
  36  3:07  Probe  
  38  3:15  Gateway  
  38  3:18  Gateway  
  38  3:19  Probe  
  39  3:21  Probe  
  40  3:29  Twilight Council  
  38  3:38  Probe x2  
  40  3:46  Assimilator  
  40  3:48  Robotics Facility  
  40  3:50  Probe x2  
  40  3:53  Stalker  
  44  3:56  Assimilator  
  44  4:02  Probe x2  
  46  4:13  Blink (Chrono Boost)  
  46  4:14  Probe x2  
  48  4:24  Pylon  
  48  4:26  Probe x2  
  48  4:29  Stalker x2  
  54  4:36  Stalker  
  54  4:38  Probe, Pylon  
  56  4:39  Probe  
  56  4:42  Warp Prism (Chrono Boost)  
  58  4:51  Probe x2  
  62  4:57  Stalker  
  61  5:06  Stalker x2  
  62  5:07  Probe x2  
  62  5:20  Stalker  
  64  5:27  Gateway  
  64  5:28  Gateway  
  64  5:29  Stalker  
  64  5:34  Probe x2  
  65  5:46  Probe x2  
  67  5:55  Pylon  
  67  5:57  Oracle  
  70  6:04  Robotics Facility  
  70  6:13  Probe x2  
  72  6:20  Zealot  
  72  6:22  Stalker  
  72  6:23  Stalker  
  78  6:35  Probe x2  
  66  6:47  Stalker x2  
  66  6:48  Probe x2, Stalker  
  66  6:54  Observer (Chrono Boost)  
  74  7:00  Probe x2  
  71  7:12  Probe x2  
  71  7:13  Stalker x3  
  77  7:22  Robotics Bay  
  77  7:23  Forge  
  77  7:24  Probe  
  78  7:30  Pylon  
  78  7:31  Pylon  
  78  7:41  Probe  
  78  7:43  Probe  
  78  7:50  Stalker x3  
  78  7:53  Probe  
  78  7:55  Probe  
  78  8:05  Probe  
  77  8:07  Probe  
  77  8:09  Colossus  
  84  8:16  Extended Thermal Lance  
  84  8:17  Probe, Stalker x2  
  84  8:18  Stalker  
  84  8:19  Probe  
  86  8:29  Probe  
  86  8:31  Probe  
  84  8:41  Probe  
  84  8:42  Robotics Facility  
  84  8:43  Probe  
  86  8:53  Probe  
  85  8:55  Probe  
  85  9:02  Sentry x2  
  89  9:03  Immortal  
  93  9:10  Nexus  
  89  9:36  Zealot, Stalker  
  93  9:45  Pylon  
  93  9:48  Pylon  
  89  9:55  Pylon  
Show
View Real Time Build Order
Export as new Build Order

INnoVation Terran - Winner!

Build Orders: Banshee Rush 

Get SALT Encoding   

  12  0:00  SCV  
  13  0:13  SCV  
  14  0:17  Supply Depot  
  14  0:25  SCV  
  15  0:39  SCV, Barracks  
  16  0:44  Refinery  
  16  0:51  SCV  
  17  1:03  SCV  
  18  1:15  SCV  
  19  1:26  Marine  
  19  1:27  Orbital Command  
  20  1:41  Command Center  
  20  1:52  Factory  
  20  1:56  SCV  
  21  2:04  Barracks Reactor  
  21  2:08  SCV  
  22  2:13  Supply Depot  
  22  2:15  Refinery  
  22  2:20  SCV  
  23  2:34  SCV  
  24  2:42  Starport  
  24  2:43  Hellion x2  
  28  2:46  SCV  
  28  2:48  Barracks Tech Lab  
  29  2:55  Orbital Command  
  29  2:59  SCV  
  30  3:11  SCV  
  31  3:13  Marine x2  
  33  3:22  SCV  
  33  3:23  Cloaking Field  
  33  3:24  Banshee  
  37  3:28  Factory Tech Lab  
  37  3:30  Marine  
  37  3:31  Marine  
  39  3:36  SCV, Supply Depot  
  39  3:38  SCV  
  41  3:48  Marine x2, Supply Depot  
  41  3:51  Siege Tank  
  46  3:57  SCV x2  
  46  3:59  Supply Depot  
  48  4:07  Marine x2  
  48  4:09  Banshee  
  53  4:13  SCV x2  
  55  4:25  SCV x2  
  55  4:26  Marine x2  
  59  4:32  Siege Tank  
  59  4:34  Supply Depot  
  59  4:37  SCV x2  
  64  4:46  Marine  
  64  4:47  Marine  
  64  4:48  Barracks  
  64  4:50  Barracks  
  64  4:51  SCV x2  
  68  4:54  Banshee  
  69  5:04  Marine  
  69  5:05  Marine  
  69  5:06  SCV x2  
  71  5:10  Refinery  
  71  5:12  Engineering Bay, Supply Depot  
  71  5:17  Siege Tank  
  71  5:18  Bunker  
  73  5:22  Marine x2  
  73  5:23  SCV x2  
  77  5:29  Supply Depot  
  77  5:35  SCV x2  
  79  5:39  Refinery  
  79  5:42  Barracks Reactor, Barracks Tech Lab  
  79  5:45  Banshee, Barracks Tech Lab x2  
  79  5:48  SCV x2  
  81  5:56  Siege Tank  
  83  6:01  Marine  
  83  6:02  Bunker, Marine  
  84  6:05  Marauder  
  84  6:06  Marauder  
  84  6:10  Concussive Shells  
  88  6:17  Terran Infantry Weapons Level 1  
  88  6:19  Marine x2  
  90  6:28  Supply Depot  
  90  6:30  Missile Turret, Stimpack  
  90  6:31  Bunker  
  90  6:33  Marauder x2  
  90  6:37  Bunker  
  90  6:38  Marine x2  
  83  6:47  Siege Tank  
  83  6:53  SCV x2  
  88  6:56  Starport Reactor, Marine x2, Marauder x2  
  94  7:09  Combat Shield  
  94  7:10  Command Center  
  94  7:15  Marine x2  
  93  7:17  Marauder x2  
  97  7:23  Supply Depot  
  97  7:28  SCV  
  97  7:29  SCV  
  96  7:31  Barracks  
  96  7:32  Barracks  
  96  7:36  Supply Depot  
  96  7:37  Supply Depot  
  96  7:38  Factory Reactor, Medivac  
  96  7:39  Medivac  
  100  7:46  Marine x2, Marauder x2  
  106  7:51  SCV  
  106  7:52  SCV  
  103  8:07  Marine x2, Marauder x2  
  103  8:08  Medivac  
  103  8:09  Medivac  
  113  8:18  Supply Depot  
  113  8:25  Orbital Command  
  113  8:26  Widow Mine x2  
  113  8:28  Barracks Reactor  
  113  8:32  Marauder x2  
  113  8:33  Marauder  
  119  8:36  Marine  
  119  8:37  Marine  
  115  8:42  Missile Turret  
  115  8:43  SCV x2  
  114  8:51  Missile Turret  
  114  8:55  SCV, Orbital Command  
  115  8:57  Medivac x2  
  115  9:02  SCV  
  120  9:07  SCV  
  120  9:09  Marauder x3  
  127  9:11  Marine x4  
  131  9:18  SCV  
  131  9:19  SCV  
  133  9:28  Marine  
  133  9:29  Marine x2  
  133  9:30  Marine, Marauder x3  
  137  9:35  Widow Mine x2  
  135  9:44  SCV  
  135  9:45  SCV x2  
Tags
 
Add a new tag
Caveats
  • Supply blocks, unpowered buildings, or Contaminate may cause inaccurate times.
  • Supply counts are checked every 10 seconds.